 Dungeon Crawl Stone Soup version 0.17-a0-622-g12d63cc (webtiles) character file.

93 2ustice the Vexing (level 4, -2/26 HPs)
             Began as a Kobold Arcane Marksman on Apr 16, 2015.
             Slain by an ice beast (9 damage)
             ... on level 3 of the Dungeon.
             The game lasted 00:09:39 (2581 turns).

2ustice the Vexing (Kobold Arcane Marksman)         Turns: 2581, Time: 00:09:39

Health: -2/26      AC:  3    Str:  9    XL:     4   Next: 91%
Magic:  1/6        EV: 15    Int:  8    God:
Gold:   151        SH:  0    Dex: 19    Spells: 2 memorised, 3 levels left

rFire  . . .     SeeInvis .     b - +0 hand crossbow
rCold  . . .     Clarity  .     g - +0 leather armour
rNeg   . . .     SustAb   .     (shield restricted)
rPois  .         Gourm    .     (no helmet)
rElec  .         Spirit   .     (no cloak)
rCorr  .         Warding  .     (no gloves)
rMut   .         Stasis   +     (no boots)
MR     .....                    n - amulet of stasis
Stlth  +.........               k - -3 ring of intelligence (curse)
                                i - +3 ring of dexterity

@: very slightly contaminated, drained, not resistant to hostile enchantments,
very unstealthy
A: carnivore 3
a: no special abilities


You were on level 3 of the Dungeon.
You were not hungry.

You visited 1 branch of the dungeon, and saw 3 of its levels.

You collected 151 gold pieces.

Inventory:

Hand weapons
 b - a +0 hand crossbow (weapon)
 e - a +1 flail of draining
Missiles
 c - 21 bolts (quivered)
Armour
 g - a +0 leather armour (worn)
Jewellery
 i - a +3 ring of dexterity (left hand)
 k - a cursed -3 ring of intelligence (right hand)
 n - an amulet of stasis (around neck)
Scrolls
 f - a scroll of teleportation
Potions
 a - a potion of curing
 h - a potion of might {unknown}
 m - a potion of cure mutation
Books
 d - a book of Debilitation

   Spells                             Type                      Level
   a - Corona                         Hexes                        1
   b - Slow                           Hexes                        2
   c - Gell's Gravitas                Hexes/Translocation          3
   d - Inner Flame                    Hexes/Fire                   3
   e - Cause Fear                     Hexes                        4
   f - Leda's Liquefaction            Hexes/Earth                  4


   Skills:
 + Level 2.0(1.6) Fighting
 + Level 3.4(3.0) Crossbows
 + Level 3.2(2.8) Dodging
 + Level 1.7(1.3) Spellcasting
 + Level 3.6(3.2) Hexes


You had 3 spell levels left.
You knew the following spells:

 Your Spells              Type           Power        Failure   Level  Hunger
a - Corona                Hex            #......      14%         1    ##.....
b - Slow                  Hex            #.......     21%         2    ###....


Dungeon Overview and Level Annotations

Branches:
Dungeon (3/15)

Altars:
Xom


Innate Abilities, Weirdness & Mutations

You are small and have problems with some larger weapons.
You are carnivorous and can eat meat at any time.


Message History

Aim: an ice beast (heavily wounded, chance 38%)
You miscast Slow.
You are very lightly contaminated with residual magic.
You hear an indistinct dissonance whispering inside your mind.
The ice beast closely misses you.
You see here an adder corpse.
Casting: Slow
Confirm with . or Enter, or press ? or * to list all spells.
You don't have enough magic to cast that spell.
Unknown command.
You see here an adder skeleton.
Casting: Slow
Confirm with . or Enter, or press ? or * to list all spells.
Aiming: Corona
Press: ? - help, Shift-Dir - straight line, f/p - ice beast
Aim: an ice beast (moderately wounded, chance 38%)
You miscast Corona.
Nothing appears to happen.
The ice beast hits you.
* * * LOW HITPOINT WARNING * * *
The ice beast freezes you!
You die...

#<##.# #.##.# #######....#
#....#####.# #÷##.# #)#
#.##.# #.# #†##.# #.#
#########.##Y#####.#
#..........#.@...#.#
#..........#####.#.#
#...........((#..#.#####
#..........##.#..#.#...
#..........##(#..#.#.#######
#..........##.##.#..........
#..........##.##.....#######
#############.########
.........>#


You could see an ice beast.

Vanquished Creatures
  5 adders
  An ooze (D:2)
  A giant gecko (D:3)
  An orc (D:3)
  8 bats
  2 goblins (D:1)
  3 hobgoblins (D:2)
  A quokka (D:2)
  A ball python (D:2)
  3 giant cockroaches
  3 giant newts (D:1)
  9 kobolds
  6 rats
44 creatures vanquished.

Notes
Turn   | Place    | Note
--------------------------------------------------------------
     0 | D:1      | 2ustice, the Kobold Arcane Marksman, began the quest for the Orb.
     0 | D:1      | Reached XP level 1. HP: 12/12 MP: 2/2
    86 | D:1      | Reached XP level 2. HP: 16/16 MP: 3/3
   789 | D:2      | Reached XP level 3. HP: 16/20 MP: 4/4
  1537 | D:2      | Reached XP level 4. HP: 24/26 MP: 6/6
  2058 | D:2      | Learned a level 2 spell: Slow
  2520 | D:3      | Found a shimmering altar of Xom.
  2537 | D:3      | Noticed an ice beast
  2581 | D:3      | Slain by an ice beast

Action                   |  1- 3 |  4- 6 || total
-------------------------+-------+-------++-------
Melee: Short sword       |    61 |    44 ||   105
       Flail             |       |     6 ||     6
 Fire: Hand crossbow     |    26 |    39 ||    65
 Cast: Corona            |     4 |     2 ||     6
       Slow              |       |     5 ||     5
  Use: Scroll            |     3 |     1 ||     4
       Potion            |       |     1 ||     1
  Eat: Meat ration       |     1 |       ||     1
       Chunk             |       |     1 ||     1
